[ AOE2 MATCH · #513887613 ]
UnrankedShu vs Huns
Player's team · WIN
Rival team · LOSS
[ REPLAY ANALYSIS · EXTRACTED FROM THE RECORDED GAME ]
Feudal
12:10
Castle
22:26
Imperial
—
| APM avg | 42.7 |
| APM peak | 70 |
| eAPM avg | 16.9 |
| Villagers / military | 60 / 36 |
Focus
⚔️ 31.2% · 🌾 68.8%
Archer ×30 · Militia ×5 · Unknown (1944) ×4 · Spearman ×1
Feudal
8:39
Castle
—
Imperial
—
| APM avg | 56.8 |
| APM peak | 99 |
| eAPM avg | 15.1 |
| Villagers / military | 48 / 23 |
Focus
⚔️ 36.5% · 🌾 63.5%
Skirmisher ×12 · Archer ×7 · Scout Cavalry ×4
Match map
Initial resources + every placement click. Lines = walls · curves = elevation contours. ◆ gold · ⬟ stone · ● berries · ✦ relic · ◌ wall gap
Your base· Open — 3t gap
Trif's base· Open — unwalled flank
Smoothed initial terrain · ◌ = detected wall gap · hover for details
Inputs per minute
— 76nateK - - Trif
Build order — 76nateK
First 150 of 155 actions detected
| 0:00 | Queue | Villager (Male) |
| 0:00 | Queue | Villager (Male) |
| 0:01 | Queue | Villager (Male) |
| 0:01 | Queue | Villager (Male) |
| 0:01 | Queue | Villager (Male) |
| 0:02 | Build | House |
| 0:04 | Build | House |
| 1:22 | Queue | Villager (Male) |
| 1:55 | Build | Lumber Camp |
| 1:59 | Queue | Villager (Male) |
| 2:20 | Queue | Villager (Male) |
| 2:40 | Build | House |
| 2:43 | Queue | Villager (Male) |
| 3:04 | Queue | Villager (Male) |
| 3:30 | Queue | Villager (Male) |
| 3:56 | Queue | Villager (Male) |
| 4:24 | Queue | Villager (Male) |
| 4:47 | Queue | Villager (Male) |
| 5:08 | Build | Barracks |
| 5:29 | Queue | Villager (Male) |
| 5:29 | Queue | Villager (Male) |
| 5:29 | Queue | Villager (Male) |
| 5:30 | Queue | Villager (Male) |
| 5:40 | Build | House |
| 6:08 | Queue | Militia |
| 6:12 | Queue | Militia |
| 6:12 | Queue | Militia |
| 6:12 | Queue | Militia |
| 6:35 | Build | Mill |
| 6:40 | Queue | Villager (Male) |
| 6:40 | Queue | Villager (Male) |
| 6:45 | Build | House |
| 6:49 | Queue | Villager (Male) |
| 6:55 | Queue | Militia |
| 7:18 | Build | Palisade Wall |
| 7:19 | Queue | Villager (Male) |
| 7:33 | Queue | Villager (Male) |
| 7:46 | Research | Loom |
| 7:58 | Build | Mill |
| 8:04 | Queue | Villager (Male) |
| 8:14 | Build | House |
| 8:19 | Queue | Villager (Male) |
| 8:33 | Queue | Villager (Male) |
| 8:59 | Queue | Villager (Male) |
| 9:03 | Build | House |
| 9:29 | Queue | Villager (Male) |
| 9:43 | Research | Feudal Age |
| 10:00 | Build | Palisade Wall |
| 10:03 | Build | Mining Camp |
| 10:46 | Build | House |
| 11:57 | Queue | Villager (Male) |
| 11:58 | Queue | Villager (Male) |
| 12:10 | Age | Feudal Age |
| 12:15 | Queue | Spearman |
| 12:26 | Build | Archery Range |
| 12:28 | Build | Archery Range |
| 12:37 | Build | Farm |
| 12:38 | Build | Farm |
| 12:51 | Build | House |
| 12:56 | Build | House |
| 13:00 | Queue | Villager (Male) |
| 13:01 | Queue | Villager (Male) |
| 13:05 | Queue | Villager (Male) |
| 13:09 | Research | Double-Bit Axe |
| 13:18 | Queue | Villager (Male) |
| 13:20 | Queue | Archer |
| 13:44 | Queue | Villager (Male) |
| 13:46 | Queue | Archer |
| 13:46 | Queue | Archer |
| 13:46 | Queue | Archer |
| 13:48 | Queue | Villager (Male) |
| 13:58 | Build | Blacksmith |
| 14:07 | Queue | Archer |
| 14:17 | Research | Horse Collar |
| 14:18 | Queue | Villager (Male) |
| 14:35 | Queue | Archer |
| 14:50 | Research | Fletching |
| 14:56 | Build | House |
| 14:58 | Queue | Villager (Male) |
| 15:01 | Queue | Archer |
| 15:03 | Queue | Villager (Male) |
| 15:06 | Build | Farm |
| 15:07 | Build | Farm |
| 15:12 | Queue | Archer |
| 15:30 | Build | House |
| 15:31 | Queue | Villager (Male) |
| 15:32 | Queue | Villager (Male) |
| 15:39 | Build | Lumber Camp |
| 15:47 | Research | Padded Archer Armor |
| 15:49 | Queue | Archer |
| 15:50 | Queue | Archer |
| 15:56 | Queue | Villager (Male) |
| 16:09 | Build | Farm |
| 16:11 | Queue | Villager (Male) |
| 16:33 | Queue | Villager (Male) |
| 16:58 | Build | Farm |
| 16:58 | Build | Farm |
| 16:59 | Queue | Villager (Male) |
| 17:11 | Queue | Archer |
| 17:23 | Build | Farm |
| 17:24 | Queue | Villager (Male) |
| 17:25 | Queue | Archer |
| 17:25 | Queue | Archer |
| 17:26 | Queue | Villager (Male) |
| 17:35 | Queue | Villager (Male) |
| 17:41 | Build | Farm |
| 17:42 | Queue | Archer |
| 17:47 | Queue | Villager (Male) |
| 18:05 | Queue | Villager (Male) |
| 18:08 | Build | Farm |
| 18:16 | Queue | Villager (Male) |
| 18:20 | Build | Market |
| 19:18 | Queue | Villager (Male) |
| 19:24 | Build | Farm |
| 19:24 | Build | Farm |
| 19:28 | Queue | Villager (Male) |
| 19:46 | Research | Castle Age |
| 19:50 | Queue | Archer |
| 19:50 | Queue | Archer |
| 19:50 | Queue | Archer |
| 20:06 | Build | Lumber Camp |
| 20:13 | Queue | Archer |
| 20:29 | Queue | Villager (Male) |
| 20:35 | Build | Stable |
| 21:06 | Queue | Archer |
| 21:06 | Queue | Archer |
| 21:09 | Queue | Archer |
| 21:13 | Research | Gold Mining |
| 21:26 | Build | Farm |
| 21:48 | Queue | Archer |
| 21:49 | Queue | Archer |
| 22:02 | Queue | Archer |
| 22:26 | Age | Castle Age |
| 22:28 | Research | Crossbowman (upgrade) |
| 22:31 | Research | Bodkin Arrow |
| 22:50 | Research | Thumb Ring |
| 22:50 | Queue | Villager (Male) |
| 22:51 | Queue | Villager (Male) |
| 22:58 | Build | Town Center |
| 23:08 | Queue | Villager (Male) |
| 23:10 | Queue | Unit 1944 |
| 23:20 | Build | Town Center |
| 23:24 | Queue | Villager (Male) |
| 23:28 | Queue | Archer |
| 23:28 | Queue | Archer |
| 23:29 | Queue | Archer |
| 23:35 | Queue | Unit 1944 |
| 23:35 | Queue | Unit 1944 |
| 23:54 | Queue | Villager (Male) |
| 23:58 | Queue | Archer |
Build order — Trif
112 actions detected in the replay
| 0:08 | Queue | Villager (Male) |
| 0:09 | Queue | Villager (Male) |
| 0:09 | Queue | Villager (Male) |
| 0:45 | Queue | Villager (Male) |
| 0:45 | Queue | Villager (Male) |
| 1:13 | Queue | Villager (Male) |
| 1:50 | Queue | Villager (Male) |
| 2:22 | Queue | Villager (Male) |
| 2:47 | Build | Lumber Camp |
| 3:07 | Queue | Villager (Male) |
| 3:08 | Queue | Villager (Male) |
| 3:22 | Queue | Villager (Male) |
| 3:23 | Queue | Villager (Male) |
| 3:23 | Queue | Villager (Male) |
| 4:02 | Queue | Villager (Male) |
| 4:03 | Queue | Villager (Male) |
| 4:03 | Queue | Villager (Male) |
| 4:48 | Queue | Villager (Male) |
| 5:48 | Build | Mill |
| 5:56 | Queue | Villager (Male) |
| 6:29 | Research | Feudal Age |
| 8:00 | Build | Barracks |
| 8:17 | Queue | Villager (Male) |
| 8:17 | Queue | Villager (Male) |
| 8:18 | Queue | Villager (Male) |
| 8:39 | Age | Feudal Age |
| 8:48 | Research | Loom |
| 9:00 | Build | Stable |
| 9:10 | Build | Palisade Wall |
| 9:22 | Queue | Villager (Male) |
| 9:41 | Queue | Scout Cavalry |
| 9:41 | Queue | Scout Cavalry |
| 9:46 | Queue | Villager (Male) |
| 9:53 | Research | Double-Bit Axe |
| 10:05 | Queue | Scout Cavalry |
| 10:10 | Build | Mill |
| 10:44 | Queue | Villager (Male) |
| 11:17 | Queue | Villager (Male) |
| 11:22 | Build | Archery Range |
| 11:27 | Build | Mining Camp |
| 12:32 | Queue | Villager (Male) |
| 12:35 | Queue | Archer |
| 12:39 | Queue | Villager (Male) |
| 12:39 | Queue | Villager (Male) |
| 12:57 | Build | Blacksmith |
| 13:03 | Build | Farm |
| 13:05 | Build | Farm |
| 13:07 | Build | Farm |
| 13:10 | Queue | Villager (Male) |
| 13:15 | Queue | Archer |
| 13:41 | Queue | Villager (Male) |
| 13:49 | Build | Farm |
| 14:05 | Queue | Skirmisher |
| 14:14 | Queue | Villager (Male) |
| 14:22 | Build | Palisade Wall |
| 14:47 | Queue | Villager (Male) |
| 14:55 | Research | Fletching |
| 14:57 | Queue | Archer |
| 15:09 | Build | Palisade Wall |
| 15:14 | Build | Farm |
| 15:16 | Build | Farm |
| 15:20 | Build | Farm |
| 15:31 | Queue | Archer |
| 15:35 | Queue | Skirmisher |
| 15:44 | Build | Archery Range |
| 15:56 | Build | Farm |
| 16:03 | Queue | Scout Cavalry |
| 16:04 | Queue | Villager (Male) |
| 16:04 | Queue | Villager (Male) |
| 16:06 | Queue | Villager (Male) |
| 16:12 | Build | Farm |
| 16:28 | Research | Padded Archer Armor |
| 16:48 | Queue | Skirmisher |
| 17:02 | Queue | Villager (Male) |
| 17:06 | Build | Farm |
| 17:08 | Build | Farm |
| 17:12 | Queue | Archer |
| 17:22 | Queue | Villager (Male) |
| 17:56 | Queue | Skirmisher |
| 17:57 | Queue | Skirmisher |
| 17:57 | Queue | Villager (Male) |
| 17:58 | Queue | Villager (Male) |
| 18:10 | Queue | Villager (Male) |
| 18:21 | Build | Lumber Camp |
| 18:23 | Queue | Skirmisher |
| 18:23 | Queue | Skirmisher |
| 18:24 | Queue | Villager (Male) |
| 18:51 | Queue | Villager (Male) |
| 18:51 | Queue | Villager (Male) |
| 19:02 | Queue | Skirmisher |
| 19:34 | Queue | Skirmisher |
| 19:36 | Queue | Villager (Male) |
| 20:02 | Queue | Villager (Male) |
| 20:02 | Queue | Villager (Male) |
| 20:08 | Queue | Skirmisher |
| 20:24 | Queue | Villager (Male) |
| 20:28 | Build | Farm |
| 21:08 | Queue | Villager (Male) |
| 21:13 | Build | Farm |
| 21:19 | Build | Farm |
| 21:35 | Build | Farm |
| 21:37 | Build | Farm |
| 21:39 | Build | Farm |
| 22:07 | Queue | Archer |
| 22:08 | Queue | Archer |
| 22:13 | Build | Farm |
| 22:43 | Research | Castle Age |
| 22:43 | Research | Castle Age |
| 22:54 | Build | Farm |
| 23:53 | Queue | Skirmisher |
| 23:53 | Queue | Skirmisher |
| 24:04 | Research | Horse Collar |
Match timeline
| 5:08 | 76nateK · first_building Barracks |
| 7:18 | 76nateK · wall_segment Palisade Wall x11 |
| 8:00 | Trif · first_building Barracks |
| 8:39 | Trif · age_up feudal |
| 9:00 | Trif · first_building Stable |
| 9:10 | Trif · wall_segment Palisade Wall x1 |
| 10:00 | 76nateK · wall_segment Palisade Wall x5 |
| 11:22 | Trif · first_building Archery Range |
| 12:10 | 76nateK · age_up feudal |
| 12:26 | 76nateK · first_building Archery Range |
| 14:22 | Trif · wall_segment Palisade Wall x4 |
| 15:09 | Trif · wall_segment Palisade Wall x3 |
| 19:37 | 76nateK · first_market_sell 100 wood |
| 19:38 | 76nateK · first_market_buy 100 food |
| 20:35 | 76nateK · first_building Stable |
| 22:26 | 76nateK · age_up castle |
| 24:34 | Trif · resign |
[ AI ANALYSIS · 1 CREDIT ]
What really happened in this match?
Wolo.gg analyzes every decision: build order, eco, micro, common mistakes by bracket. Personalized analysis on WhatsApp or Discord in 30 seconds.
Civ guide
Shu
Perfil
76nateK